 Dungeon Crawl Stone Soup version 0.29.0-15-g675c0067aa (webtiles) character file.

Game seed: 6136094939616616919

13 qw the Sneak (level 2, -1/19 HPs)
             Began as a Gargoyle Delver on Sept 11, 2022.
             Slain by an orc wizard
             ... wielding a +0 dagger
              (2 damage)
             ... on level 5 of the Dungeon.
             The game lasted 00:00:02 (25 turns).

qw the Sneak (Gargoyle Delver)                        Turns: 25, Time: 00:00:03

Health: -1/19      AC:  5    Str: 15    XL:     2   Next: 37%
Magic:  2/2        EV: 11    Int: 10    God:
Gold:   0          SH:  0    Dex: 11    Spells: 1/1 levels left

rFire   . . .      SeeInvis .   a - +0 hand axe
rCold   . . .      Faith    .   (no shield)
rNeg    + . .      Spirit   .   b - +0 leather armour
rPois   inf        Reflect  .   (no helmet)
rElec   +          Harm     .   (no cloak)
rCorr   .          Rampage  .   (no gloves)
Will    .....                   (no boots)
Stlth   +++.......              (no amulet)
HPRegen 0.06/turn               (no ring)
MPRegen 0.08/turn               (no ring)

@: no status effects
A: sickness immunity, AC +2, negative energy resistance 1, electricity
resistance, torment resistance 1, petrification resistance
a: no special abilities


You were on level 5 of the Dungeon.
You visited 1 branch of the dungeon, and saw 1 of its levels.


Innate Abilities, Weirdness & Mutations

You are immune to sickness and miasma.
Your stone body is resilient. (AC +2)
You are immune to poison.
You resist negative energy. (rN+)
You are resistant to electric shocks. (rElec)
You are resistant to unholy torment.
You are immune to petrification.


   Skills:
 - Level 3.2 Fighting
 + Level 2.7 Axes
 - Level 1.5 Dodging
 - Level 5.4 Stealth


You had one spell level left.
You didn't know any spells.
Your spell library was empty.

Inventory:

Hand Weapons
 a - a +0 hand axe (weapon)
Armour
 b - a +0 leather armour (worn)
Wands
 g - a wand of digging (3)
Potions
 f - a potion of haste

Dungeon Overview and Level Annotations

Branches:
Dungeon (5/15)             Temple (0/1) D:5

Altars:


Message History

You hit the orc.
You kill the orc!
You hit the orc wizard but do no damage.
You hit the adder. The adder bites you but does no damage.
The orc wizard closely misses you. The adder barely misses you.
The orc wizard closely misses you. The adder bites you but does no damage.
You hit the adder.
The adder is almost dead.
You closely miss the orc wizard. You hit the adder.
The adder closely misses you. The adder barely misses you.
The orc wizard misses you. The adder misses you.
You completely miss the adder.
The adder is almost dead.
You miss the orc wizard. You barely miss the adder. The adder misses you.
The adder bites you but does no damage.
The orc wizard hits you with a +0 dagger.
The adder bites you but does no damage.
You hit the adder.
You kill the adder!
You closely miss the adder. You closely miss the orc wizard.
The adder barely misses you.
The orc wizard hits you with a +0 dagger.
You have reached level 2!
You hit the orc wizard.
The orc wizard is heavily wounded.
You barely miss the adder. The adder barely misses you.
The orc wizard barely misses you. The adder completely misses you.
You closely miss the orc wizard.
The orc wizard is heavily wounded.
You miss the adder.
The orc wizard hits you with a +0 dagger.
The adder barely misses you. The orc wizard closely misses you.
You hit the orc wizard.
The orc wizard is almost dead.
You closely miss the adder.
The adder bites you but does no damage. x2
The orc wizard hits you with a +0 dagger.
You die...

###..##.# # ..
.....#.. .#...
#.......# #...#
###.#...$.####....
...#.....#....#
#.........>.#
###.!......?.####
#..........$!.(.#
#..#.#@#.#.#......
......S)o[..........
....#.......#.......
....................
..#...>...#.......
##................
#.#.......#.....
...............


You could see an orc wizard and an adder.

Vanquished Creatures
  An adder (D:5)
  2 orcs (D:5)
3 creatures vanquished.

Notes
Turn   | Place    | Note
-------+----------+-------------------------------------------
     0 | D:5      | qw the Gargoyle Delver began the quest for the Orb.
     0 | D:5      | Reached XP level 1. HP: 14/14 MP: 1/1
     0 | D:5      | 0 ||| qw: Version: 0.1-a-118-gb4e7ce6
     0 | D:5      | 0 ||| qw: Game counter: 10603
     0 | D:5      | 0 ||| qw: Always use a shield: true
     0 | D:5      | 0 ||| qw: God list: Okawaru
     0 | D:5      | 0 ||| qw: Allow faded altars: false
     0 | D:5      | 0 ||| qw: Do Orc after D:15 true
     0 | D:5      | 0 ||| qw: Do second Lair branch before Depths: true
     0 | D:5      | 0 ||| qw: Lair rune preference: random
     0 | D:5      | 0 ||| qw: Plans: Normal
     0 | D:5      | 0 ||| PLANNING TEMPLE
     0 | D:5      | 0 ||| DROPPING scroll of fog.
     1 | D:5      | 1 ||| DROPPING scroll of magic mapping.
     2 | D:5      | 2 ||| DROPPING scroll of fear.
     6 | D:5      | Noticed an orc wizard
     8 | D:5      | 8 ||| Stepping ~*~*~tactically~*~*~ (stealth).
    21 | D:5      | HP: 2/14 [orc wizard/+0 dagger (4)]
    23 | D:5      | Reached XP level 2. HP: 2/19 MP: 2/2
    25 | D:5      | Slain by an orc wizard

Levels and vault maps discovered:
D:5:      layout_cave_pools, minmay_temple_entry_glass, serial_shops,
          nicolae_shop_hallway_plus, cheibrodos_gnoll_hut

Skill      XL: |  1 |
---------------+----+-----
Axes           | 2 |  2.7
Fighting       | |  3.2
Dodging        | |  1.5
Stealth        | |  5.4

Action                   || total
-------------------------++-------
Melee: Hand axe          ||    16
Armor: Leather armour    ||    16
Dodge: Dodged            ||    23

Table legend:
 A = Non-vault XP
 B = Vault XP
 C = Vault XP percentage of total XP
 D = Non-vault monster count
 E = Vault monster count
 F = Vault count percentage of total count
                 A         B        C        D         E       F
            +---------+---------+-------+---------+---------+-------
      Total |      19 |       0 |   0.0 |       3 |       0 |   0.0
            +---------+---------+-------+---------+---------+-------
        D:5 |      19 |       0 |   0.0 |       3 |       0 |   0.0
            +---------+---------+-------+---------+---------+-------
